 Dungeon Crawl Stone Soup version 0.30-a0-808-g6e0788376e (webtiles) character file.

Game seed: 7957645553988987136

23058 Lobster4 the Nimble (level 13, -7/97 HPs)
             Began as a Djinni Hedge Wizard on Feb 26, 2023.
             Was an Elder of Nemelex Xobeh.
             Mangled by a minotaur
             ... wielding a +0 heavy hand axe
              (31 damage)
             ... in a Gauntlet.
             The game lasted 00:54:48 (16549 turns).

Lobster4 the Nimble (Djinni Hedge Wizard)          Turns: 16549, Time: 00:54:48

Health: -7/97      AC: 17    Str:  9    XL:     13   Next: 32%
Gold:   1080       EV: 16    Int: 20    God:    Nemelex Xobeh [****..] SH:  5 Dex: 14

rFire   + . .      SeeInvis .    h - +2 dagger (vamp)
rCold   . . .      Faith    .    (no shield)
rNeg    . . .      Spirit   .    G - +0 acid dragon scales
rPois   ∞          Reflect  +    s - +1 helmet
rElec   .          Harm     .    (no cloak)
rCorr   +          Rampage  .    A - +2 pair of gloves of Sloth {Fly rCorr Slay-3}
Will    +....      NoTele   +    (boots unavailable)
Stlth   ++                       c - amulet of reflection
HPRegen 0.36/turn                b - +4 ring of protection
MPRegen 0.00/turn                w - ring of Ganir {Ice Slay+5}

@: flying
A: sickness immunity, fire resistance 2, cold vulnerability 1, float, innate
caster, HP casting, extra vitality 1
a: Renounce Religion, Draw Escape, Draw Destruction, Draw Summoning, Triple
Draw, Deal Four


You were in a Gauntlet.
You worshipped Nemelex Xobeh.
Nemelex Xobeh was greatly pleased with you.
You visited 4 branches of the dungeon, and saw 16 of its levels.
You also visited: Ossuary, Bailey and Gauntlet.

You collected 1080 gold pieces.

Inventory:

Hand Weapons
 h - a +2 vampiric dagger (weapon)
 i - a +2 dagger of venom
 m - a +0 sling of flaming
 F - a +3 short sword
Missiles
 d - 6 boomerangs
 g - 30 poisoned darts
 V - 2 curare-tipped darts
 W - 2 javelins
Armour
 s - a +1 helmet (worn)
 A - the +2 pair of gloves of Sloth (worn) {Fly rCorr Slay-3}
   (You found it in a bailey)

   Slay:      It affects your accuracy & damage with ranged weapons and melee
   (-3).
   Fly:       It grants you flight.
   rCorr:     It protects you from acid and corrosion.
 B - the +1 robe of Cowardice {rN+ Slay+3}
   (You took it off a hobgoblin on level 4 of the Dungeon)

   Slay:      It affects your accuracy & damage with ranged weapons and melee
   (+3).
   rN:        It protects you from negative energy.
 G - +0 acid dragon scales (worn)
 O - a +1 robe of cold resistance
 T - a +2 robe of willpower
Magical Staves
 k - a staff of cold
Jewellery
 a - the ring "Kajiraer" {MP+9 Dex+2}
   (You found it in a Gauntlet)

   [ring of magical power]

   Dex:       It affects your dexterity (+2).
   MP:        It affects your magic capacity (+9).
 b - a +4 ring of protection (left hand)
 c - an amulet of reflection (around neck)
 o - a ring of resist corrosion
 w - the ring of Ganir (right hand) {Ice Slay+5}
   (You found it on level 2 of the Dungeon)

   [ring of ice]

   It enhances your ice magic.
   Slay:      It affects your accuracy & damage with ranged weapons and melee
   (+5).
   rF:        It makes you vulnerable to fire.
   rC:        It protects you from cold.
 x - a ring of see invisible
 E - a ring of wizardry
 H - a +4 ring of slaying
 M - a ring of willpower
 S - a +6 ring of intelligence
Wands
 j - a wand of quicksilver (17)
 y - a wand of paralysis (4)
 R - a wand of roots (3)
Scrolls
 f - 5 scrolls of teleportation
 q - a scroll of poison
 t - 2 scrolls of enchant weapon
 u - 4 scrolls of immolation
 I - a scroll of blinking
 L - a scroll of enchant armour
 P - a scroll of fear
Potions
 e - 2 potions of resistance
 l - a potion of haste
 n - a potion of berserk rage
 p - 8 potions of curing
 r - 4 potions of cancellation
 v - 6 potions of brilliance
 z - 5 potions of heal wounds
 C - 4 potions of flight
 D - 2 potions of might
 J - 4 potions of lignification
 N - 10 potions of ambrosia
 U - a potion of invisibility {unknown}


   Skills:
 + Level 10.4 Fighting
 - Level 2.0 Short Blades
 - Level 1.0 Throwing
 - Level 7.0 Armour
 + Level 11.6 Dodging
 - Level 2.0 Stealth
 + Level 8.5 Spellcasting
 + Level 8.5 Invocations
 - Level 3.0 Evocations


You knew the following spells:

 Your Spells              Type           Power      Damage    Failure   Level
a - Magic Dart            Conj           100%       1d8       1%          1
b - Sandblast             Erth           84%        2d18      1%          1
c - Slow                  Hex            100%       N/A       1%          1
d - Call Imp              Summ           42%        N/A       1%          2
e - Mephitic Cloud        Conj/Pois/Air  42%        N/A       1%          3
f - Freezing Cloud        Conj/Ice/Air   29%        6-21      11%         5
g - Iskenderun's Battles  Conj           42%        2d9       11%         5
h - Momentum Strike       Conj/Tloc      84%        3d10      1%          2
i - Ignite Poison         Fire/Tmut/Pois 42%        N/A       1%          3
j - Blink                 Tloc           84%        N/A       1%          2
k - Wereblood             Tmut           42%        N/A       1%          2
Your spell library was empty.

Dungeon Overview and Level Annotations

Branches:
Dungeon (11/15)            Temple (1/1) D:6            Lair (2/5) D:11
    Orc (2/2) D:11        Ossuary (visited)          Bailey (visited)
Gauntlet (1/1)
  Swamp: Lair:2-3    Shoals: Lair:2-3     Snake: Lair:2-3    Spider: Lair:2-3
    Elf: Orc:2

Altars:
Ashenzari
Cheibriados
Dithmenos
Elyvilon
Fedhas
Gozag
Hepliaklqana
Makhleb
Nemelex Xobeh
Okawaru
Qazlal
Ru
Trog
Uskayaw
Wu Jian
Xom
Yredelemnul
Zin
The Shining One

Shops:
D:3 =

Annotations:
Gauntlet 6 transporters, exclusion: 2 lightning spires


Innate Abilities, Weirdness & Mutations

You are immune to sickness and miasma.
You are immune to poison.
Your flesh is very heat resistant. (rF++)
You are vulnerable to cold. (rC-)
You float through the air rather than walking.
You learn spells naturally, not from books.
Your magical power is your life essence.
You have superior vitality. (+4 MHP)


Message History

The minotaur hits you with a +0 heavy hand axe.
The minotaur misses you.
Casting: Sandblast (safe; 1% risk of failure)
Confirm with . or Enter, or press ? or * to list all spells.
Aiming: Sandblast (safe; 1% risk of failure)
Press: ? - help, Shift-Dir - straight line, f/p - minotaur
Aim: a minotaur, wielding a +0 heavy hand axe, wearing a +0 plate armour and quivering silver javelins (flame, heavily wounded, 93% to hit)
The blast of sand hits the minotaur!
The minotaur is severely wounded.
The minotaur is engulfed in blazing flames.
The minotaur hits you with a +0 heavy hand axe!!
You block the minotaur's attack.
Casting: Sandblast (safe; 1% risk of failure)
Confirm with . or Enter, or press ? or * to list all spells.
Aiming: Sandblast (safe; 1% risk of failure)
Press: ? - help, Shift-Dir - straight line, f/p - minotaur
Aim: a minotaur, wielding a +0 heavy hand axe, wearing a +0 plate armour and quivering silver javelins (severely wounded, 93% to hit)
The blast of sand misses the minotaur.
The minotaur completely misses you. The minotaur gores you.
Aiming: Quicksilver Bolt
Press: ? - help, Shift-Dir - straight line, f/p - minotaur
Aim: a minotaur, wielding a +0 heavy hand axe, wearing a +0 plate armour and quivering silver javelins (severely wounded, 88% to hit)
The bolt of dispelling energy hits the minotaur!
The minotaur is almost dead.
Aiming: Quicksilver Bolt
Press: ? - help, Shift-Dir - straight line, f/p - minotaur
Aim: a minotaur, wielding a +0 heavy hand axe, wearing a +0 plate armour and quivering silver javelins (almost dead, 88% to hit)
The bolt of dispelling energy hits the minotaur.
The minotaur is almost dead.
The minotaur hits you with a +0 heavy hand axe!!
* * * LOW HITPOINT WARNING * * *
The minotaur gores you but does no damage.
Aiming: Quicksilver Bolt
Press: ? - help, Shift-Dir - straight line, f/p - minotaur
Aim: a minotaur, wielding a +0 heavy hand axe, wearing a +0 plate armour and quivering silver javelins (almost dead, 88% to hit)
The bolt of dispelling energy hits the minotaur but does no damage.
The minotaur is almost dead.
The minotaur hits you with a +0 heavy hand axe!!
You die...
Your body disappears without a glow.

#...##≈.###
#######.⌠.#≈≈.###
#....##...##≈.#..
#.##.##.⌠.###.#©#
#.##......##..#!#
###.##.##.⌠.#...#)# #≈
#.#....##...#.∩.#..
#≈≈.#.#.##.##.©.#...###
#≈∩..H@.##......#.⌠....
#≈≈.#.#.##.##.©.#...###
#≈ #.#....##...#.∩.##.
###.##.##.⌠.#...#[#
#.##......##..##=
#.##.##.⌠.###.#©#
#....##...##≈.##:
#######.⌠.#≈≈.#.#
##≈.##.


You could see a minotaur.

Vanquished Creatures
  Fannar (D:10)
  Erolcha (D:10)
  A centaur warrior (D:11)
  4 two-headed ogres
  A death yak (D:11)
  Nergalle (D:11)
  An oklob plant (D:11)
  An ugly thing (D:9)
  An orc sorcerer (Orc:1)
  2 cyclopes (D:11)
  A black mamba (Lair:2)
  3 cane toads
  An unseen horror (D:10)
  A komodo dragon (Lair:1)
  A queen bee (D:11)
  A troll (Orc:1)
  2 large abominations (Gauntlet)
  A water elemental (D:11)
  5 wyverns
  31 yaks
  A basilisk (Lair:1)
  3 steam dragons
  4 vampire mosquitoes (D:11)
  Menkaure (D:5)
  Grum (D:10)
  2 swamp worms (Gauntlet)
  3 acid dragons
  2 water moccasins
  2 sky beasts (D:7)
  12 orc warriors
  5 small abominations (Gauntlet)
  5 ogres
  2 wolves (D:10)
  7 centaurs
  3 kobold brigands
  2 necrophages
  4 bullfrogs
  2 scorpions
  23 killer bees (D:11)
  6 howler monkeys
  A jelly (D:5)
  7 orc priests
  4 hounds
  A gnoll bouda (D:8)
  Ijyb (D:3)
  6 iguanas
  11 orc wizards
  8 mummies (Ossuary)
  8 gnolls
  15 adders
  A shadow imp (D:5)
  A white imp (D:6)
  A worm (D:2)
  2 dart slugs
  51 orcs
  6 endoplasms
  A giant cockroach (D:4)
  12 goblins
  9 hobgoblins
  2 jackals (D:2)
  14 kobolds
  3 quokkas
  4 ball pythons
  6 bats
  A frilled lizard (D:1)
  A gnoll zombie (Ossuary)
  A hobgoblin zombie (Ossuary)
  3 kobold zombies (Ossuary)
  3 orc zombies (Ossuary)
  7 rats
342 creatures vanquished.

Vanquished Creatures (collateral kills)
  3 orcs (Bailey)
3 creatures vanquished.

Vanquished Creatures (others)
  2 killer bees (D:11)
  4 fungi
  4 plants
10 creatures vanquished.

Grand Total: 355 creatures vanquished

Notes
Turn   | Place    | Note
-------+----------+-------------------------------------------
     0 | D:1      | Lobster4 the Djinni Hedge Wizard began the quest for the
                  | Orb.
     0 | D:1      | Lobster4 set off with the following spells memorised: Magic
                  | Dart, Slow, Blink, Call Imp, Mephitic Cloud.
     0 | D:1      | Reached XP level 1. HP: 15/15 MP: 0/0
   117 | D:1      | Reached XP level 2. HP: 11/22 MP: 0/0
   691 | D:1      | Reached XP level 3. HP: 25/26 MP: 0/0
   691 | D:1      | Learned a level 1 spell: Sandblast
   984 | D:1      | Reached skill level 1 in Armour
  1071 | D:2      | Reached skill level 1 in Fighting
  1314 | D:2      | Found a faded altar of an unknown god.
  1680 | D:2      | Reached XP level 4. HP: 32/32 MP: 0/0
  1735 | D:2      | Identified the ring of Ganir {Ice Slay+5}
  2175 | D:2      | Reached skill level 3 in Dodging
  2190 | D:3      | Reached skill level 1 in Short Blades
  2211 | D:3      | Reached XP level 5. HP: 30/37 MP: 0/0
  2211 | D:3      | Learned a level 2 spell: Wereblood
  2240 | D:3      | Noticed Ijyb
  2277 | D:3      | Killed Ijyb
  2750 | D:3      | Found Zucaamam's Jewellery Shoppe.
  2844 | D:3      | Found a shadowy altar of Dithmenos.
  3089 | D:4      | Reached XP level 6. HP: 41/43 MP: 0/0
  3210 | D:4      | Identified the +1 robe of Cowardice {rN+ Slay+3}
  3255 | D:4      | Reached skill level 1 in Evocations
  3359 | D:4      | You are sucked into a shaft and drop 3 floors!
  3366 | D:7      | Noticed a sky beast
  3366 | D:7      | Noticed a wyvern
  3409 | D:6      | Reached XP level 7. HP: 35/49 MP: 0/0
  3409 | D:6      | Learned a level 2 spell: Momentum Strike
  3415 | D:6      | Reached skill level 1 in Throwing
  3564 | D:6      | Noticed a water moccasin
  3571 | D:6      | Killed a water moccasin
  3572 | D:6      | Reached skill level 4 in Dodging
  3791 | D:7      | Found a flagged portal.
  3800 | Bailey   | Entered a bailey
  3880 | Bailey   | Reached XP level 8. HP: 33/56 MP: 0/0
  4147 | Bailey   | Identified the +1 plate armour "Fiatwe" {Rampage rCorr}
  4446 | Bailey   | Reached skill level 5 in Dodging
  4726 | Bailey   | Identified the +2 pair of gloves of Sloth {Fly rCorr
                  | Slay-3}
  4745 | Bailey   | Reached XP level 9. HP: 58/62 MP: 0/0
  4745 | Bailey   | Learned a level 3 spell: Ignite Poison
  4887 | D:5      | Entered Level 5 of the Dungeon
  5207 | D:5      | Found a broken altar of Ashenzari.
  5223 | D:5      | Reached skill level 5 in Armour
  5239 | D:5      | Noticed Menkaure
  5242 | D:5      | Killed Menkaure
  5243 | D:5      | Reached skill level 6 in Dodging
  5263 | D:5      | Reached skill level 5 in Fighting
  5457 | D:5      | Found a shimmering altar of Xom.
  5497 | D:5      | Found a sand-covered staircase.
  5504 | Ossuary  | Entered an ossuary
  6291 | D:4      | Found an iron altar of Okawaru.
  6475 | D:4      | Reached skill level 5 in Spellcasting
  7091 | D:6      | Found a staircase to the Ecumenical Temple.
  7099 | Temple   | Entered the Ecumenical Temple
  7168 | Temple   | Became a worshipper of Nemelex Xobeh the Trickster
  7601 | D:7      | Reached skill level 1 in Invocations
  7674 | D:7      | Found a basalt altar of Yredelemnul.
  7812 | D:7      | Reached XP level 10. HP: 20/72 MP: 0/0
  8050 | D:7      | Reached skill level 7 in Dodging
  8676 | D:8      | Reached * piety under Nemelex Xobeh
  9102 | D:8      | Reached skill level 8 in Dodging
  9449 | D:8      | Received a gift from Nemelex Xobeh
  9524 | D:9      | Noticed a red ugly thing
  9746 | D:9      | Reached XP level 11. HP: 75/79 MP: 0/0
  9746 | D:9      | Learned a level 5 spell: Iskenderun's Battlesphere
  9754 | D:9      | Noticed a two-headed ogre
  9759 | D:9      | Killed a two-headed ogre
  9873 | D:9      | Reached skill level 5 in Invocations
  9969 | D:9      | Reached ** piety under Nemelex Xobeh
 10155 | D:9      | Killed a red ugly thing
 10156 | D:9      | Reached skill level 9 in Dodging
 10279 | D:9      | Received a gift from Nemelex Xobeh
 10475 | D:10     | Entered Level 10 of the Dungeon
 10475 | D:10     | Noticed a two-headed ogre
 10488 | D:10     | Killed a two-headed ogre
 10549 | D:10     | Noticed Erolcha
 10559 | D:10     | Killed Erolcha
 10625 | D:10     | Noticed Fannar
 10631 | D:10     | Killed Fannar
 10917 | D:10     | Found an ornate altar of the Wu Jian Council.
 10917 | D:10     | Found a snail-covered altar of Cheibriados.
 11293 | D:10     | Noticed Grum
 11298 | D:10     | Killed Grum
 11338 | D:10     | Reached *** piety under Nemelex Xobeh
 11398 | D:11     | Noticed Nergalle
 11413 | D:11     | Killed Nergalle
 11414 | D:11     | Noticed a cyclops
 11421 | D:11     | Reached XP level 12. HP: 54/88 MP: 0/0
 11636 | D:11     | Found a staircase to the Orcish Mines.
 11680 | D:11     | Reached skill level 10 in Dodging
 12022 | D:11     | Received a gift from Nemelex Xobeh
 12109 | D:11     | Noticed a centaur warrior
 12121 | D:11     | Killed a centaur warrior
 12379 | D:11     | Noticed a two-headed ogre
 12397 | D:11     | Killed a two-headed ogre
 12431 | D:11     | Noticed a death yak
 12529 | D:11     | Killed a death yak
 12900 | D:11     | Found a staircase to the Lair.
 13731 | Orc:1    | Entered Level 1 of the Orcish Mines
 13927 | Orc:2    | Entered Level 2 of the Orcish Mines
 13937 | Orc:2    | Noticed a two-headed ogre
 13940 | Orc:2    | Noticed a two-headed ogre
 14100 | Orc:2    | Noticed a deep troll
 14111 | Orc:1    | Reached skill level 11 in Dodging
 14111 | Orc:1    | Killed a two-headed ogre
 14112 | Orc:1    | Reached XP level 13. HP: 30/96 MP: 0/0
 14112 | Orc:1    | Learned a level 5 spell: Freezing Cloud
 14454 | Lair:1   | Entered Level 1 of the Lair of Beasts
 14454 | Lair:1   | Received a gift from Nemelex Xobeh
 14545 | Lair:1   | Reached skill level 10 in Fighting
 14935 | Lair:1   | Reached **** piety under Nemelex Xobeh
 14940 | Lair:1   | Received a gift from Nemelex Xobeh
 15379 | Lair:1   | Received a gift from Nemelex Xobeh
 15816 | Lair:2   | Found a gate leading to a gauntlet.
 15830 | Gauntlet | Entered a Gauntlet
 15830 | Gauntlet | Found a runed translucent gate.
 15830 | Gauntlet | Found a transporter.
 15830 | Gauntlet | Found a runed translucent gate.
 15830 | Gauntlet | Found a runed translucent gate.
 15830 | Gauntlet | Found a transporter.
 15852 | Gauntlet | Found a transporter.
 15854 | Gauntlet | Found a transporter.
 15855 | Gauntlet | Received a gift from Nemelex Xobeh
 15862 | Gauntlet | Found a transporter.
 15867 | Gauntlet | Found a transporter.
 15875 | Gauntlet | Found a transporter.
 15897 | Gauntlet | Found a transporter.
 15914 | Gauntlet | Found a transporter.
 15918 | Gauntlet | Found a transporter.
 15926 | Gauntlet | Found a transporter.
 15930 | Gauntlet | Found a transporter.
 16066 | Gauntlet | Identified the ring "Kajiraer" {MP+9 Dex+2}
 16529 | Gauntlet | Noticed a minotaur
 16549 | Gauntlet | Mangled by a minotaur

Illustrated notes

Levels and vault maps discovered:
D:1:      shiori_arrival_oz, layout_basic, minmay_statues_item
D:2:      minmay_spotlight, layout_basic, hellmonk_ecumenical_altar_dog_temple,
          kennysheep_cluttered_room, hangedman_decor_opposing, dk_noncrumbling_4
D:3:      layout_basic, overflow_temple_1_default, serial_shops, shop, uniq_ijyb
D:4:      layout_basic, nicolae_overflow_crystal_walls
D:5:      layout_loops_ring, nicolae_ashenzari_skybound, xom_butterflies,
          chequers_ossuary_entry_cave, guppyfry_early_orc_mine, uniq_menkaure
D:6:      layout_basic, lemuel_crystal_altar, temple_doors_cd,
          kennysheep_generic_room_10
D:7:      layout_gridville, mainiacjoe_overflow_small_starburst,
          serial_co_window_serial, co_window_of_opportunity_a,
          co_window_paths_a, co_window_paths_a, co_window_paths_b,
          co_window_paths_b, co_window_broadway_a, co_window_2corner,
          co_window_unsneaky_path_c, co_window_broadway_a, glass_columns_a,
          glass_columns_b, glass_columns_a, glass_columns_b, enter_bailey_2
D:8:      layout_rooms
D:9:      layout_cave_pools, kennysheep_another_room,
          nicolae_figureground_sparkle
D:10:     layout_irregular_city, gammafunk_temple_overflow_statue, uniq_grum,
          uniq_erolcha, uniq_fannar
D:11:     argonaut_augean_stables, layout_loops_ring, dpeg_oklobed_lair,
          david_orc_2, special_room [special_room_bee], uniq_nergalle
Temple:   eino_temple_lava
Lair:1:   layout_hall_layers
Lair:2:   layout_regular_city, gauntlet_entry_generic,
          hellmonk_ghost_happy_afterlife, uniq_amaemon
Orc:1:    layout_caves, uniq_jorgrun
Orc:2:    st_orc_open, layout_caves
Gauntlet: minmay_gauntlet_77_indecision [minmay_gauntlet_arena_77_run_for_it,
          minmay_gauntlet_arena_77_double_cross,
          minmay_gauntlet_arena_77_hold_the_fort,
          minmay_gauntlet_arena_77_mirror, minmay_gauntlet_arena_77_checkered,
          minmay_gauntlet_arena_77_p_blocks, gauntlet_exit_watery]

Skill      XL: |  1  2  3  4  5  6  7  8  9 10 11 12 13 |
---------------+----------------------------------------+-----
Armour         | 1 2 3 4 6 7 |  7.0
Fighting       | 1 2 3 4 5 7 8 9 10 | 10.4
Stealth        | 2 |  2.0
Dodging        | 3 4 5 6 8 9 11 | 11.6
Short Blades   | 1 2 |  2.0
Spellcasting   | 3 4 5 6 7 8 |  8.5
Evocations     | 1 2 3 |  3.0
Throwing       | 1 |  1.0
Invocations    | 1 4 6 7 8 |  8.5

Action                     |  1- 3 |  4- 6 |  7- 9 | 10-12 | 13-15 || total
---------------------------+-------+-------+-------+-------+-------++-------
  Melee: Short sword       |       |    22 |       |       |       ||    22
         Dagger            |       |     5 |    62 |    53 |     8 ||   128
         Punch             |       |       |       |     1 |       ||     1
  Throw: Dart              |       |       |    28 |    16 |       ||    44
   Cast: Magic Dart        |    79 |    39 |   122 |    65 |    23 ||   328
         Sandblast         |    15 |    58 |   136 |   261 |    65 ||   535
         Slow              |       |     1 |     2 |     9 |       ||    12
         Mephitic Cloud    |       |       |    21 |    49 |    17 ||    87
         Call Imp          |       |       |    12 |       |       ||    12
         Ignite Poison     |       |       |       |    31 |    13 ||    44
         Blink             |       |       |       |     2 |     1 ||     3
         Iskenderun's Batt |       |       |       |     3 |       ||     3
 Invoke: Draw Destruction  |       |       |       |       |     1 ||     1
  Evoke: Wand              |       |       |     5 |     9 |     4 ||    18
    Use: Scroll            |       |    10 |     7 |     5 |     7 ||    29
         Potion            |       |     2 |     1 |     1 |     2 ||     6
   Stab: Confused          |       |       |     1 |     1 |       ||     2
         Paralysed         |       |       |     2 |     3 |       ||     5
         Sleeping          |       |       |     1 |       |     1 ||     2
 Armour: Robe              |     5 |    11 |    40 |     9 |       ||    65
         Skin              |       |    45 |    11 |       |       ||    56
         Acid dragon scale |       |       |       |   116 |    20 ||   136
  Dodge: Dodged            |    22 |    40 |   111 |   218 |    42 ||   433
  Block: Other             |       |       |       |       |     3 ||     3

Table legend: (Time is in decaauts)
 A = Elapsed time spent in this place.
 B = Non-inter-level travel time spent in this place.
 C = Inter-level travel time spent in this place.
 D = Time resting spent in this place.
 E = Time spent auto-exploring this place.
 F = Levels seen in this place.
 G = Mean time per level.
                   A        B        C        D        E       F      G
               +--------+--------+--------+--------+--------+-----+--------+
         Total |  16805 |  16266 |    539 |   2559 |  10262 |  19 |  884.5 |
       Dungeon |  12608 |  12108 |    500 |   1214 |   8574 |  11 | 1146.2 |
        Temple |     77 |     70 |      7 |      0 |     47 |   1 |   77.0 |
          Lair |   1397 |   1385 |     12 |    100 |    995 |   2 |  698.5 |
  Orcish Mines |    586 |    566 |     20 |    338 |    163 |   2 |  293.0 |
       Ossuary |    390 |    390 |      0 |     59 |    190 |   1 |  390.0 |
        Bailey |   1007 |   1007 |      0 |    405 |    178 |   1 | 1007.0 |
      Gauntlet |    736 |    736 |      0 |    443 |    115 |   1 |  736.0 |
               +--------+--------+--------+--------+--------+-----+--------+

Top non-repeatable levels by time:
    D:11: 2129 daAuts
    D:10: 1341 daAuts
     D:8: 1249 daAuts
     D:7: 1194 daAuts
  Lair:1: 1094 daAuts
     D:2: 1091 daAuts
     D:4: 1089 daAuts
     D:1: 1054 daAuts
     D:5: 1052 daAuts
  Bailey: 1007 daAuts
     D:3: 869 daAuts
     D:9: 781 daAuts
     D:6: 754 daAuts
Gauntlet: 736 daAuts
   Orc:1: 566 daAuts
